 Dungeon Crawl Stone Soup version 0.21.1-1-g345015f (webtiles) character file.

70 wilfster70 the Skirmisher (level 4, -5/35 HPs)
             Began as a Demonspawn Fighter on Feb 19, 2018.
             Killed by divine providence
             ... invoked by an orc priest
              (12 damage)
             ... on level 3 of the Dungeon.
             The game lasted 00:05:47 (2497 turns).

wilfster70 the Skirmisher (Demonspawn Fighter)      Turns: 2497, Time: 00:05:47

Health: -5/35      AC:  6    Str: 21    XL:     4   Next: 4%
Magic:  4/4        EV:  7    Int: 10    God:
Gold:   114        SH:  9    Dex: 13    Spells: 3/3 levels left

rFire    . . .     SeeInvis +   a - +0 war axe
rCold    . . .     Gourm    .   c - +0 shield
rNeg     . . .     Faith    .   b - +0 scale mail
rPois    .         Spirit   .   (no helmet)
rElec    .         Reflect  .   (no cloak)
rCorr    .         Harm     .   (no gloves)
MR       .....                  (no boots)
Stlth    ..........             (no amulet)
HPRegen  0.11/turn              h - ring of see invisible
MPRegen  0.09/turn              (no ring)

@: mighty
A: talons 1, rot immunity
a: no special abilities


You were on level 3 of the Dungeon.
You were not hungry.

You visited 1 branch of the dungeon, and saw 3 of its levels.

You collected 114 gold pieces.

Inventory:

Hand Weapons
 a - a +0 war axe (weapon)
Armour
 b - a +0 scale mail (worn)
 c - a +0 shield (worn)
Jewellery
 h - a ring of see invisible (left hand)
Scrolls
 e - 3 scrolls of remove curse
 g - 4 scrolls of identify {unknown}
 i - a scroll of noise {unknown}
 j - 3 scrolls of fear {unknown}
 k - a scroll of enchant weapon {unknown}
 m - a scroll of random uselessness {unknown}
Potions
 l - a potion of curing {unknown}
 n - a potion of invisibility {unknown}
Comestibles
 f - 4 rations
 o - a chunk of flesh


   Skills:
 + Level 3.5 Fighting
 + Level 2.4 Axes
 + Level 3.2 Armour
 + Level 3.2 Shields


You had 3 spell levels left.
You didn't know any spells.

Dungeon Overview and Level Annotations

Branches:
Dungeon (3/15)

Altars:
Xom


Innate Abilities, Weirdness & Mutations

You have sharp toenails.
You are immune to rotting.


Message History

You claw the orc warrior, but do no damage.
The orc warrior is moderately wounded.
You miss the frilled lizard. You barely miss the orc wizard.
The orc warrior hits you but does no damage.
You block the frilled lizard's attack. You block the orc wizard's attack.
You hit the orc warrior but do no damage.
Your kick misses the orc warrior.
The orc warrior is moderately wounded.
Your shield prevents you from hitting the frilled lizard.
You hit the orc wizard but do no damage.
The orc warrior hits you with a short sword.
The orc wizard barely misses you. You block the frilled lizard's attack.
The orc warrior hits you with a short sword!
* * * LOW HITPOINT WARNING * * *
You feel very mighty all of a sudden. The frilled lizard misses you.
The orc wizard hits you but does no damage.
The orc priest calls down the wrath of Beogh upon you.
Beogh smites you!
You die...

## # ... . #.# ##. #.#
#<# ###>### # #.#
#.....#.# ####.#
#.###l#.#.#.# #.....
#..oo@).....# #.####
#####o#.#.#######.####
#.....# #.......#
###.### #.##.##..
#.######.##.##.#
#...........##.#
########.#####.#
#.#####.# #.......#


You could see an orc warrior, an orc priest, an orc wizard and a frilled lizard.

Vanquished Creatures
  2 adders
  A worm (D:2)
  A dart slug (D:1)
  2 orcs (D:3)
  4 giant cockroaches
  4 goblins (D:1)
  6 hobgoblins
  7 kobolds
  2 ball pythons (D:3)
  7 bats
  2 frilled lizards (D:2)
  7 rats
45 creatures vanquished.

Notes
Turn   | Place    | Note
-------+----------+-------------------------------------------
     0 | D:1      | wilfster70 the Demonspawn Fighter began the quest for the Orb.
     0 | D:1      | Reached XP level 1. HP: 18/18 MP: 1/1
   149 | D:1      | Gained mutation: You are immune to rotting. [demonic ancestry]
   149 | D:1      | Reached XP level 2. HP: 24/24 MP: 2/2
   767 | D:1      | Found a shimmering altar of Xom.
  1099 | D:2      | Gained mutation: You have sharp toenails. [demonic ancestry]
  1099 | D:2      | Reached XP level 3. HP: 29/29 MP: 3/3
  2486 | D:3      | Noticed an orc warrior
  2486 | D:3      | Reached XP level 4. HP: 35/35 MP: 4/4
  2497 | D:3      | Killed from afar by an orc priest

Skill      XL: |  1  2 |
---------------+-------+-----
Axes           | 2 |  2.4
Armour         | 3 |  3.2
Shields        | 3 |  3.2
Fighting       | |  3.5

Action                   |  1- 3 |  4- 6 || total
-------------------------+-------+-------++-------
Melee: War axe           |   122 |     8 ||   130
       Kick              |    15 |     2 ||    17
  Use: Scroll            |     1 |       ||     1
       Potion            |       |     1 ||     1
  Eat: Chunk             |     5 |       ||     5
Armor: Scale mail        |   100 |     6 ||   106
Dodge: Dodged            |    48 |     5 ||    53
Block: Shield            |    85 |     6 ||    91
